[Event "Team 45 45 League T28"]
[Site "Internet Chess Club"]
[Date "2005.10.03"]
[Round "3"]
[White "nminwalla"]
[Black "Blunderov"]
[Result "1-0"]
[WhiteElo "1993"]
[BlackElo "2005"]
[TimeControl "2700+45"]

1. e4 c5 2. Nf3 d6 3. d4 cxd4 4. Nxd4 Nf6 5. Nc3 a6 6. Bc4 e6 7. Bb3 Qc7 8. O-O
Nc6 9. Kh1 Nxd4 10. Qxd4 Bd7 11. Bg5 Be7 12. Rad1 Bc6 13. f4 Rd8 14. f5 e5 15.
Qc4 O-O 16. Bxf6 Bxf6 17. Nd5 Qd7 18. Qe2 Bxd5 19. Rxd5 b5 20. Rfd1 Be7 21. c3
Qc7 22. R1d3 Kh8 23. Qh5 Bf6 24. Rh3 h6 25. Rdd3 Qe7 26. Rdg3 Kh7 27. Rd3 Bg5
28. Bd5 g6 29. Qg4 Qf6 30. Rhf3 h5 31. Qh3 Kg7 32. fxg6 Qxg6 33. Rf5 f6 34. Qg3
h4 35. Qf2 Qh5 36. Qa7+ Kh8 37. Qxa6 Qe2 38. Rdf3 Qxb2 39. Rf1 Qxc3 40. Qxb5 Qc5
41. Qe2 Kg7 42. Qg4 Kh6 43. g3 hxg3 44. h4 g2+ 45. Kxg2 Bf4 46. Rh5# {Black
checkmated} 1-0

[Event "Team 45 45 League T28"]
[Site "Internet Chess Club"]
[Date "2005.10.06"]
[Round "3"]
[White "DocHoliday"]
[Black "kabindra"]
[Result "1-0"]
[WhiteElo "1775"]
[BlackElo "1838"]
[TimeControl "2700+45"]

1. e4 e5 2. Nf3 Nc6 3. Bb5 a6 4. Ba4 Nf6 5. O-O b5 6. Bb3 Be7 7. Re1 Bb7 8. c3
d6 9. d4 O-O 10. Nbd2 h6 11. Nf1 Na5 12. Bc2 c5 13. d5 Bc8 14. h3 Bd7 15. b3 Rc8
16. Be3 Nb7 17. Qd2 a5 18. Ng3 c4 19. b4 axb4 20. cxb4 Re8 21. Bxh6 gxh6 22.
Qxh6 Nh7 23. Nh5 Bf8 24. Qe3 Kh8 25. g4 Be7 26. Kh2 Bg5 27. Qe2 Rg8 28. Rg1 Qf8
29. h4 Be7 30. g5 Rg6 31. Qe3 Qd8 32. a4 bxa4 33. Bxa4 Bxa4 34. Rxa4 Ra8 35.
Rga1 Rxa4 36. Rxa4 Qc8 37. Ng3 c3 38. Ra3 f6 39. h5 Rg8 40. g6 Ng5 41. Rxc3 Qh3+
42. Kg1 Ra8 43. Nxg5 fxg5 44. Qc1 Bd8 45. Qf1 Qg4 46. Kg2 Bb6 47. Qb5 Bxf2 48.
Qxb7 Rg8 49. Qh7# {Black checkmated} 1-0

[Event "Team 45 45 League T28"]
[Site "Internet Chess Club"]
[Date "2005.09.30"]
[Round "3"]
[White "jongalt97"]
[Black "Chessnut"]
[Result "0-1"]
[WhiteElo "1677"]
[BlackElo "1719"]
[TimeControl "2700+45"]

1. d4 d5 2. c4 c6 3. e3 Nf6 4. Nc3 e6 5. Bd2 Be7 6. Nf3 Nbd7 7. Be2 dxc4 8. Bxc4
b5 9. Bd3 a6 10. a3 c5 11. dxc5 Nxc5 12. Be2 Nd3+ 13. Bxd3 Qxd3 14. Bc1 Qxd1+
15. Kxd1 O-O 16. Ke2 Bb7 17. b4 Rac8 18. Bd2 Nd5 19. Rac1 Bf6 20. Nxd5 Bxd5 21.
Rhg1 Bc4+ 22. Ke1 Bd3 23. Rc5 Bb2 24. Nd4 Bxa3 25. Nc6 Kh8 26. Ne5 Rxc5 27. bxc5
Be4 28. f3 Bg6 29. c6 Rc8 30. Ba5 Bd6 31. Nxg6+ hxg6 32. c7 Bxc7 33. Bxc7 Rxc7
34. Kd2 Kg8 35. Ra1 Rc6 36. Kd3 Kf8 37. Ra3 Ke7 38. f4 Kd6 39. e4 f6 40. g4 Kc5
41. Rc3+ Kb6 42. h4 Rxc3+ 43. Kxc3 Kc5 44. f5 gxf5 45. e5 fxe5 46. g5 Kd6 47. h5
Ke7 48. h6 gxh6 49. gxh6 Kf7 {White resigns} 0-1

[Event "Team 45 45 League T28"]
[Site "Internet Chess Club"]
[Date "2005.10.07"]
[Round "3"]
[White "RingLord"]
[Black "Gardener"]
[Result "0-1"]
[WhiteElo "1605"]
[BlackElo "1646"]
[TimeControl "2700+45"]

1. e4 e6 2. d4 d5 3. e5 c5 4. c3 Nc6 5. Nf3 f6 6. Bf4 fxe5 7. Nxe5 Qf6 8. Bg3
cxd4 9. cxd4 Bb4+ 10. Nc3 Nge7 11. Bb5 O-O 12. O-O a6 13. Bxc6 Nxc6 14. Ne2 Nxe5
15. Bxe5 Qf5 16. Ng3 Qg5 17. f4 Qh4 18. Rf3 Bd7 19. Ne2 Bb5 20. Rh3 Qe7 21. Ng3
g6 22. Qg4 Bd3 23. f5 Bxf5 24. Nxf5 Rxf5 25. Qxg6+ hxg6 26. Rh8+ Kf7 27. Rh7+
Ke8 28. Rxe7+ Kxe7 29. Rc1 Kd7 30. Rc7+ Ke8 31. Rxb7 Rc8 32. h3 Rc1+ 33. Kh2 Bd2
34. Rb8+ Kd7 35. Rb7+ Kc6 36. Rc7+ Kb5 37. Rb7+ Kc4 38. Rc7+ Kd3 39. Rb7 Bf4+
40. Bxf4 Rxf4 41. Rb3+ Kxd4 42. Rb4+ Ke5 43. Rb3 d4 44. Ra3 Rc6 45. b4 Ke4 46.
Kg3 Rf5 47. Kh4 d3 48. b5 axb5 49. Rb3 d2 50. Rb4+ Rc4 51. Rb1 Rc1 52. Rb4+ Rc4
53. Rb1 Kd3+ 54. g4 Kc2 55. Rg1 Rh5+ 56. Kg3 Rc3+ 57. Kh2 Rhxh3+ 58. Kg2 Rcg3+
59. Kf2 Rxg1 60. a4 Rh2+ 61. Ke3 Rg3+ 62. Kf4 Rxg4+ 63. Ke5 Rh5+ 64. Kf6 d1=Q
65. axb5 Qd4+ 66. Kf7 Rh7+ 67. Kxe6 Re4# {White checkmated} 0-1

[Event "Team 45 45 League T28"]
[Site "Internet Chess Club"]
[Date "2005.10.02"]
[Round "3"]
[White "alastorx"]
[Black "andy4226uk"]
[Result "1-0"]
[WhiteElo "1769"]
[BlackElo "1766"]
[TimeControl "2700+45"]

1. d4 Nf6 2. Nc3 d5 3. Bg5 Ne4 4. Nxe4 dxe4 5. e3 g6 6. c3 Bg7 7. Bc4 O-O 8. Qc2
Bf5 9. h3 h5 10. g4 hxg4 11. hxg4 Bxg4 12. Qxe4 Bh5 13. Bd3 f6 14. Bc4+ Rf7 15.
Bf4 Nc6 16. Qe6 Qe8 17. Qxf7+ Qxf7 18. Bxf7+ Kxf7 19. Bxc7 Rc8 20. Bg3 Na5 21.
Ne2 Nc4 22. b3 Nb6 23. c4 Nd7 24. Kd2 f5 25. Nf4 Bf3 26. Rhg1 Nf6 27. Nd3 Ng4
28. Kc2 Be4 29. Kc3 b6 30. Ne5+ Nxe5 31. Bxe5 Bf8 32. Rg3 Bh6 33. Rh3 Bg5 34.
Rh7+ Ke6 35. Rg1 Bf6 36. f4 Bxe5 37. fxe5 Rg8 38. Rh6 Kf7 39. d5 g5 40. Rh7+ Ke8
41. e6 Kd8 42. Kd4 Bc2 43. Rf7 Be4 44. Ke5 g4 45. Rxf5 Bxf5 46. Kxf5 Kc7 47.
Rxg4 Rf8+ 48. Ke5 Rf3 49. e4 Rf2 50. Rg7 Kd8 51. d6 exd6+ 52. Kxd6 Rd2+ 53. Kc6
Rd4 54. Rd7+ Rxd7 55. exd7 b5 56. cxb5 a5 57. bxa6 Ke7 {Black resigns} 1-0

[Event "Team 45 45 League T28"]
[Site "Internet Chess Club"]
[Date "2005.10.01"]
[Round "3"]
[White "garethn"]
[Black "Egmont"]
[Result "1-0"]
[WhiteElo "1740"]
[BlackElo "1705"]
[TimeControl "2700+45"]

1. e4 c5 2. Nf3 Nc6 3. d4 cxd4 4. Nxd4 g6 5. c4 Bg7 6. Be3 Nf6 7. Nc3 Ng4 8.
Nxc6 Nxe3 9. Nxd8 Nxd1 10. Nxd1 Kxd8 11. Rc1 b6 12. b3 Bb7 13. Bd3 Rc8 14. Ne3
Bh6 15. Ke2 Bxe3 16. Kxe3 g5 17. h4 g4 18. Be2 h5 19. f3 gxf3 20. gxf3 Kc7 21.
Rhg1 Rcg8 22. f4 Rxg1 23. Rxg1 f6 24. Rg7 Kd6 25. e5+ Ke6 26. exf6 exf6 27. Bf1
Rh6 28. Bh3+ f5 29. Rg5 Be4 30. Bf1 Bb1 31. a3 d5 32. cxd5+ Kxd5 33. Bc4+ Kc5
34. Bf7 Rh7 35. Bg6 Re7+ 36. Kd2 Rd7+ 37. Kc1 Bd3 38. Bxf5 Kd4 39. Bxd7 {Black
resigns} 1-0

[Event "Team 45 45 League T28"]
[Site "Internet Chess Club"]
[Date "2005.09.29"]
[Round "3"]
[White "martineden"]
[Black "boozehound"]
[Result "0-1"]
[WhiteElo "1692"]
[BlackElo "1570"]
[TimeControl "2700+45"]

1. d4 Nf6 2. c4 c5 3. d5 e6 4. Nc3 exd5 5. cxd5 d6 6. e4 g6 7. Nf3 Bg7 8. h3 O-O
9. Bd3 Re8 10. O-O a6 11. a4 c4 12. Bc2 Nbd7 13. Be3 Qc7 14. Qe2 Ne5 15. Nxe5
Rxe5 16. a5 Bd7 17. Bb6 Qc8 18. f3 Nh5 19. Bf2 Rg5 20. Qe3 Bh6 21. f4 Nxf4 22.
Bg3 Nh5 23. Bf4 Nxf4 24. Rxf4 Re5 25. Raf1 Bxf4 26. Qxf4 Qf8 27. Rf3 Rae8 28.
Kh2 Qg7 29. g4 g5 30. Qe3 Qh6 31. Qb6 R5e7 32. Ne2 Bxg4 33. Rf2 Qxh3+ 34. Kg1 f5
35. Qxd6 f4 36. Qf6 f3 37. Qxg5+ Rg7 38. Qf4 Bh5+ {White resigns} 0-1

[Event "Team 45 45 League T28"]
[Site "Internet Chess Club"]
[Date "2005.09.29"]
[Round "3"]
[White "wojozim"]
[Black "chinta"]
[Result "0-1"]
[WhiteElo "1528"]
[BlackElo "1670"]
[TimeControl "2700+45"]

1. e4 e6 2. d3 Nc6 3. Nf3 Be7 4. b3 d6 5. Bb2 Nf6 6. g3 e5 7. Bg2 h6 8. O-O g5
9. Na3 Bg4 10. Nc4 Qd7 11. Ne3 h5 12. Qd2 Bxf3 13. Bxf3 g4 14. Bg2 h4 15. Nf5
hxg3 16. fxg3 O-O-O 17. d4 Qe8 18. dxe5 dxe5 19. Qg5 Bc5+ 20. Kh1 Nd7 21. Nh6 f6
22. Qc1 Qh5 23. Nxg4 Qxg4 24. Qd1 Rxh2+ 25. Kxh2 Rh8+ {White resigns} 0-1

[Event "Team 45 45 League T28"]
[Site "Internet Chess Club"]
[Date "2005.10.03"]
[Round "3"]
[White "fledermaus"]
[Black "forketta"]
[Result "0-1"]
[WhiteElo "2052"]
[BlackElo "1927"]
[TimeControl "2700+45"]

1. d4 d5 2. c4 c6 3. Nf3 Nf6 4. Nc3 dxc4 5. a4 Bf5 6. e3 e6 7. Bxc4 Bb4 8. O-O
O-O 9. Qe2 Nbd7 10. e4 Bg6 11. Ne5 Nb6 12. Nxg6 hxg6 13. Rd1 Nxc4 14. Qxc4 Bxc3
15. bxc3 Nxe4 16. Ba3 Re8 17. Rab1 Qc7 18. f3 Nf6 19. Qb3 b5 20. c4 a6 21. Rbc1
Qd7 22. axb5 axb5 23. cxb5 cxb5 24. Rc5 Rab8 25. Bb2 Nd5 26. Rdc1 b4 27. R1c2
Ra8 28. h3 Qa4 29. Qxa4 Rxa4 30. Bc1 b3 31. Rb2 Rb8 32. Kf2 Rxd4 33. Be3 Ra4 34.
Ke2 Nxe3 35. Kxe3 Ra2 36. Rb1 Rxg2 37. Rc3 b2 38. Kd4 g5 39. Rc5 f6 40. Ke3 Rh2
41. Rc6 Kf7 42. Rc7+ Kg6 43. Re7 Kf5 44. Rxg7 e5 45. Ra7 Rb3# {White checkmated}
0-1

[Event "Team 45 45 League T28"]
[Site "Internet Chess Club"]
[Date "2005.10.01"]
[Round "3"]
[White "crapalot"]
[Black "viking99"]
[Result "1/2-1/2"]
[WhiteElo "1837"]
[BlackElo "1843"]
[TimeControl "2700+45"]

1. d4 Nf6 2. Nf3 d5 3. Bg5 Ne4 4. Nbd2 Nxg5 5. Nxg5 e5 6. Ngf3 e4 7. Ng1 Bd6 8.
e3 Be6 9. c3 c6 10. Ne2 Qc7 11. f3 Bxh2 12. f4 Bxf4 13. Nxf4 Nd7 14. Qe2 Nf6 15.
Nxe6 fxe6 16. g4 Qg3+ 17. Qf2 Qxf2+ 18. Kxf2 Nxg4+ 19. Ke2 O-O 20. Bh3 Nf2 21.
Bxe6+ Kh8 22. Rhf1 Nd3 23. Rxf8+ Rxf8 24. Rf1 Rxf1 25. Kxf1 Nxb2 26. Bc8 b6 27.
Ke2 Kg8 28. Bd7 Kf7 29. Bxc6 Ke6 30. Nf1 h5 31. Nd2 g5 32. c4 Nxc4 33. Nxc4 dxc4
34. Bxe4 b5 35. Bg6 h4 36. e4 a5 37. Bf5+ Kd6 38. e5+ Kd5 39. Ke3 b4 40. Bc8 a4
41. Bb7+ Ke6 42. Bc6 a3 43. Bb5 Kd5 44. Bxc4+ Kxc4 45. e6 b3 46. axb3+ Kxb3 47.
e7 a2 48. e8=Q a1=Q 49. Qb5+ Kc3 50. Qc5+ Kb3 51. Qb6+ Kc4 52. Qc5+ Kb3 53. Qb5+
{Game drawn by mutual agreement} 1/2-1/2

[Event "Team 45 45 League T28"]
[Site "Internet Chess Club"]
[Date "2005.09.30"]
[Round "3"]
[White "Lyko"]
[Black "Zyme"]
[Result "0-1"]
[WhiteElo "1484"]
[BlackElo "1501"]
[TimeControl "2700+45"]

1. e4 e6 2. d4 d5 3. e5 c5 4. c3 Nc6 5. f4 Qb6 6. Nf3 Nh6 7. b3 cxd4 8. Nxd4
Nxd4 9. Qxd4 Qxd4 10. cxd4 Nf5 11. Bb5+ Bd7 12. Bxd7+ Kxd7 13. Bb2 Bb4+ 14. Nd2
Rac8 15. a3 Ba5 16. b4 Bb6 17. Nf3 Rc2 18. g4 Ne3 19. Bc1 Nxg4 20. h3 Nh6 21.
Rg1 Nf5 22. Kd1 Rhc8 23. Bd2 g6 24. Rc1 Rxc1+ 25. Bxc1 Nxd4 26. Ng5 Nb3 27. Be3
Bxe3 28. Rg3 Bxf4 29. Rxb3 Bxg5 {White resigns} 0-1

[Event "Team 45 45 League T28"]
[Site "Internet Chess Club"]
[Date "2005.09.29"]
[Round "3"]
[White "Michael-player"]
[Black "iwulu"]
[Result "1/2-1/2"]
[WhiteElo "2321"]
[BlackElo "2288"]
[TimeControl "2700+45"]

1. e4 e6 2. d3 d5 3. Nd2 Nf6 4. g3 dxe4 5. dxe4 Nc6 6. Bg2 e5 7. Ngf3 Bc5 8. O-O
O-O 9. c3 a5 10. Qe2 Qe7 11. Nb3 Bb6 12. Be3 Bxe3 13. Qxe3 b6 14. Nh4 g6 15. Qg5
a4 16. Nd2 h6 17. Qe3 Kh7 18. Rfd1 Ba6 19. Bf1 Bxf1 20. Nxf1 Rfd8 21. Qf3 Na5
22. Ne3 c6 23. Qe2 b5 24. c4 b4 25. Nf3 Nb7 26. Nc2 b3 27. axb3 axb3 28. Rxa8
Rxa8 29. Nce1 Nc5 30. Nd3 Nfd7 31. Nc1 Nf8 32. Nd2 Nfe6 33. Ndxb3 Nxb3 34. Nxb3
Qb4 35. Qf3 Ng5 36. Qd3 Rb8 37. Nd2 Qxb2 38. Kg2 Qa2 39. Rb1 Rxb1 40. Nxb1 Ne6
41. Nd2 Nd4 42. Nf3 Nxf3 {Game drawn by mutual agreement} 1/2-1/2

[Event "Team 45 45 League T28"]
[Site "Internet Chess Club"]
[Date "2005.10.02"]
[Round "3"]
[White "AMAV"]
[Black "ScoutKnight"]
[Result "1-0"]
[WhiteElo "2070"]
[BlackElo "2075"]
[TimeControl "2700+45"]

1. e4 e5 2. Nf3 Nc6 3. Bc4 Bc5 4. c3 Nf6 5. d3 d6 6. b4 Bb6 7. a4 a5 8. b5 Ne7
9. O-O Bg4 10. Nbd2 c6 11. bxc6 bxc6 12. Rb1 O-O 13. Re1 Ng6 14. Nf1 d5 15. exd5
cxd5 16. Bb5 Qc7 17. c4 e4 18. dxe4 dxe4 19. h3 Bh5 20. g4 Bxg4 21. hxg4 exf3
22. Qxf3 Ne5 23. Qg3 Nexg4 24. Bf4 Qa7 25. Be3 Bxe3 26. Nxe3 Nxe3 27. Rxe3 Rad8
28. Rc1 Qc5 29. Qe5 Qxe5 30. Rxe5 Rc8 31. c5 Rfd8 32. c6 Rd5 33. Re7 Kf8 34. Ra7
Ne4 35. Rxa5 Rc7 36. Ra8+ Ke7 37. Re1 Rg5+ 38. Kh2 Rh5+ 39. Kg2 Rg5+ 40. Kf3 f5
41. Kf4 Kf6 42. Rf8+ Kg6 43. f3 Nc5 44. Re5 Rxc6 45. Rfxf5 Rxf5+ 46. Rxf5 Ne6+
47. Kg4 Rc5 48. Rxc5 Nxc5 49. a5 h5+ 50. Kf4 Ne6+ 51. Ke5 Nc7 52. Bd3+ Kg5 53.
f4+ Kg4 54. Kd6 Ne8+ 55. Kc6 h4 56. a6 h3 57. a7 h2 58. Be4 Nf6 59. Bh1 Kxf4 60.
a8=Q g5 61. Qb8+ Kf5 62. Qxh2 Ng4 63. Qh3 Kf4 64. Qf3+ Ke5 {Black resigns} 1-0

[Event "Team 45 45 League T28"]
[Site "Internet Chess Club"]
[Date "2005.10.01"]
[Round "3"]
[White "Quoyle"]
[Black "quangliem"]
[Result "1-0"]
[WhiteElo "2427"]
[BlackElo "2332"]
[TimeControl "2700+45"]

1. d4 d5 2. c4 c6 3. Nc3 Nf6 4. e3 g6 5. Nf3 Bg7 6. Bd3 O-O 7. O-O b6 8. cxd5
cxd5 9. b3 Ba6 10. Bxa6 Nxa6 11. Ba3 Re8 12. Rc1 Nc7 13. Qd3 e6 14. Ne5 Bf8 15.
Bxf8 Rxf8 16. Rc2 a6 17. Na4 Nce8 18. Rc6 b5 19. Nc5 Nc7 20. Rc1 Ra7 21. f3 a5
22. g4 b4 23. Rc2 Na8 24. Ra6 Rxa6 25. Qxa6 Qc7 26. Qc6 Qe7 27. Qb7 Qd6 28. g5
Nh5 29. Ncd7 Rd8 30. Nf6+ Nxf6 31. Qxf7+ Kh8 32. Qxf6+ Kg8 33. Nf7 {Black
resigns} 1-0

[Event "Team 45 45 League T28"]
[Site "Internet Chess Club"]
[Date "2005.10.02"]
[Round "3"]
[White "vutru"]
[Black "phoenix10q72"]
[Result "1/2-1/2"]
[WhiteElo "2247"]
[BlackElo "2340"]
[TimeControl "2700+45"]

1. d4 Nf6 2. c4 c5 3. d5 e6 4. Nc3 exd5 5. cxd5 d6 6. e4 g6 7. f4 Bg7 8. Nf3 O-O
9. Be2 Nbd7 10. O-O a6 11. a4 Qe7 12. Nd2 Rb8 13. Bd3 Ne8 14. Nc4 Bd4+ 15. Kh1
Ng7 16. Qf3 f5 17. Bd2 Nf6 18. e5 dxe5 19. fxe5 Ng4 20. e6 Nh5 21. Bf4 Nxf4 22.
Qxf4 b5 23. axb5 axb5 24. Qxb8 bxc4 25. Bxc4 Be5 26. d6 Bxd6 27. Nd5 Bxb8 28.
Nxe7+ Kg7 29. Nxc8 Rxc8 30. Bb5 Kf6 31. Bd7 Rd8 32. Ra8 Ke7 33. Rc1 Nf2+ 34. Kg1
Nd3 35. Rc3 c4 36. Ra2 Ne5 37. h3 h5 38. Kf1 Bd6 39. Bb5 Bb4 40. Ra7+ Kxe6 41.
Bxc4+ Kf6 42. Rc1 Rd2 43. b3 Rb2 44. Ra6+ Kg5 45. Re6 Bd2 46. Rd1 Bf4 47. Re1
Nxc4 48. bxc4 Rc2 49. Rc6 Bg3 50. Ree6 Rf2+ 51. Kg1 Rc2 52. Rxg6+ Kf4 53. Rxg3
Kxg3 54. Rg6+ Kf4 55. Kh2 Rxc4 56. h4 Ke3 57. Rg3+ Ke2 58. Kh3 Rg4 59. Rf3 f4
60. Ra3 Kf2 61. Ra2+ Ke3 62. Ra3+ Kf2 {Game drawn by mutual agreement} 1/2-1/2

[Event "Team 45 45 League T28"]
[Site "Internet Chess Club"]
[Date "2005.10.02"]
[Round "3"]
[White "jorobo"]
[Black "MrPetrov"]
[Result "1/2-1/2"]
[WhiteElo "2200"]
[BlackElo "2274"]
[TimeControl "2700+45"]

1. c4 c6 2. d4 d5 3. cxd5 cxd5 4. Nc3 Nc6 5. Nf3 Nf6 6. Bf4 a6 7. e3 Bg4 8. h3
Bxf3 9. Qxf3 e6 10. Rc1 Bd6 11. Be2 Qb8 12. Bxd6 Qxd6 13. O-O O-O 14. Rfd1 b5
15. Bd3 Rfd8 16. Qe2 Rac8 17. b3 e5 18. dxe5 Nxe5 19. Bf5 Rb8 20. Qb2 Qe7 21.
Ne2 Ne4 22. Nd4 Qf6 23. f4 Ng6 24. Rc6 Qe7 25. Rxa6 Nc5 26. Rc6 Qxe3+ 27. Qf2
Qxf2+ 28. Kxf2 Ne4+ 29. Bxe4 dxe4 30. Ke3 Nh4 31. g4 f5 32. gxf5 Nxf5+ 33. Kxe4
Ng3+ 34. Kf3 Nf5 35. Ke4 {Game drawn by mutual agreement} 1/2-1/2

[Event "Team 45 45 League T28"]
[Site "Internet Chess Club"]
[Date "2005.10.02"]
[Round "3"]
[White "Nomad"]
[Black "Knight77"]
[Result "1/2-1/2"]
[WhiteElo "1949"]
[BlackElo "1879"]
[TimeControl "2700+45"]

1. e4 e6 2. d4 d5 3. Nc3 Nf6 4. Bg5 Bb4 5. e5 h6 6. Bd2 Bxc3 7. bxc3 Ne4 8. Qg4
Kf8 9. Bd3 Nxd2 10. Kxd2 Qg5+ 11. Qxg5 hxg5 12. Ne2 c5 13. c4 Nc6 14. c3 Bd7 15.
Rab1 Rb8 16. Ke3 Ke7 17. h3 a6 18. f4 dxc4 19. Bxc4 b5 20. Bd3 gxf4+ 21. Nxf4 g5
22. Ne2 Rbg8 23. Ng3 cxd4+ 24. cxd4 g4 25. h4 f5 26. exf6+ Kxf6 27. Ne4+ Ke7 28.
g3 Rf8 29. Ng5 Rf6 30. Rhf1 Rhf8 31. Rxf6 Rxf6 32. a4 e5 33. dxe5 Nxe5 34. Be2
bxa4 35. Ra1 Bb5 36. Ra2 Rc6 37. Kf4 Kf6 38. Ne4+ Ke6 39. Ng5+ Kf6 40. Ne4+ Ke6
41. Nf2 Bxe2 42. Rxe2 Rc4+ 43. Kg5 Kd5 44. Kf5 Nf3 45. Ra2 Ne5 46. Rd2+ Rd4 47.
Re2 Nc4 48. Nxg4 a3 49. Ne3+ Kc5 50. Nxc4 Kxc4 51. g4 Rd5+ 52. Kf6 Rb5 53. h5
Rb2 54. Re1 a2 55. Ra1 Kb3 56. h6 Rb1 57. Rxa2 Kxa2 58. g5 Rh1 59. Kg7 Kb3 60.
h7 a5 61. h8=Q Rxh8 62. Kxh8 a4 63. g6 a3 64. g7 a2 65. g8=Q+ Kb2 66. Qb8+ Kc2
67. Qc7+ Kb2 68. Qb6+ Kc2 69. Qc5+ Kb1 70. Qb4+ Kc2 {Game drawn by mutual
agreement} 1/2-1/2      **ANNOUNCEMENT** from ROBOadmin: *** GRANDMASTER versus
GRANDMASTER!!  GM visio2 is playing GM realggg!  Type "observe visio2" to watch
the rated blitz 2 2 game.

[Event "Team 45 45 League T28"]
[Site "Internet Chess Club"]
[Date "2005.09.30"]
[Round "3"]
[White "f5"]
[Black "MSStateBulldog"]
[Result "0-1"]
[WhiteElo "2320"]
[BlackElo "2436"]
[TimeControl "2700+45"]

1. e4 e5 2. Nf3 Nc6 3. d4 exd4 4. Nxd4 Nf6 5. Nxc6 bxc6 6. e5 Qe7 7. Qe2 Nd5 8.
c4 Ba6 9. g3 O-O-O 10. b3 Re8 11. Bb2 g5 12. h4 gxh4 13. Rxh4 Bg7 14. Re4 f5 15.
exf6 Qb4+ 16. Kd1 Nxf6 17. Rxe8+ Rxe8 18. Qd2 Qe7 19. Nc3 d5 20. Bh3+ Kb8 21.
cxd5 cxd5 22. Bg2 d4 23. Na4 Ne4 24. Qf4 Nc3+ {White resigns} 0-1

[Event "Team 45 45 League T28"]
[Site "Internet Chess Club"]
[Date "2005.09.30"]
[Round "3"]
[White "onslaught"]
[Black "VentasD"]
[Result "1/2-1/2"]
[WhiteElo "2187"]
[BlackElo "2186"]
[TimeControl "2700+45"]

1. e4 c5 2. Nf3 d6 3. d4 cxd4 4. Nxd4 Nf6 5. Nc3 a6 6. Qf3 Nbd7 7. Be3 Ne5 8.
Qg3 Nfg4 9. O-O-O Nxe3 10. Qxe3 e6 11. f4 Nc6 12. Nf3 Qa5 13. Bc4 b5 14. Bb3 Qc7
15. f5 Na5 16. fxe6 Nxb3+ 17. axb3 fxe6 18. Rhf1 Be7 19. Nd4 Bf6 20. g4 Qe7 21.
Nf3 O-O 22. g5 Bxc3 23. Qxc3 Bb7 24. Qd4 Rad8 25. h4 Rf4 26. Qa7 Rc8 27. c3 b4
28. c4 d5 29. exd5 exd5 30. Rfe1 Qc7 31. Ne5 dxc4 32. Rd7 Qa5 33. Nxc4 Rfxc4+
34. bxc4 Qa1+ 35. Kc2 Qxe1 36. Qxb7 Qe2+ 37. Kb1 Qf1+ 38. Ka2 Qxc4+ 39. Kb1 Qc2+
40. Ka2 Qa4+ 41. Kb1 Qc2+ 42. Ka2 Qc4+ 43. Kb1 Qf1+ 44. Ka2 Qc4+ 45. Kb1 Qc2+
46. Ka2 Qc4+ {Game drawn by repetition} 1/2-1/2

[Event "Team 45 45 League T28"]
[Site "Internet Chess Club"]
[Date "2005.10.02"]
[Round "3"]
[White "trevor21"]
[Black "kikian"]
[Result "1/2-1/2"]
[WhiteElo "2010"]
[BlackElo "2044"]
[TimeControl "2700+45"]

1. d4 Nf6 2. c4 g6 3. Nc3 Bg7 4. e4 d6 5. f3 O-O 6. Be3 Nc6 7. Nge2 a6 8. Rb1
Bd7 9. b4 e5 10. d5 Ne7 11. a4 Ne8 12. Nc1 f5 13. Be2 f4 14. Bf2 g5 15. c5 Ng6
16. Qb3 Kh8 17. b5 axb5 18. axb5 dxc5 19. Bxc5 Nd6 20. Qb4 Rf6 21. b6 Bf8 22.
O-O h5 23. Nb3 cxb6 24. Bxb6 Qe8 25. Bc5 g4 26. Ra1 g3 27. h3 Rb8 28. Qa3 Bxh3
29. Rfc1 Bd7 30. Qb2 b6 31. Ba3 h4 32. Bf1 Nf7 33. Bxf8 Qxf8 34. Bb5 Qe8 35.
Bxd7 Qxd7 36. Nc5 Qd6 37. Na6 Rg8 38. Nb5 Qf8 39. Nac7 Ng5 40. Ra8 Qg7 41. Ne8
Qh6 42. Nxf6 Rxa8 43. Ng4 Qg7 44. Rc6 h3 45. Nc7 hxg2 46. Rxg6 Nxf3+ 47. Kxg2
Nh4+ 48. Kg1 Nxg6 49. Nxa8 f3 50. Qxb6 Nf4 51. Qd8+ Qg8 52. Qf6+ Qg7 53. Qd8+
Qg8 54. Qf6+ Qg7 {Game drawn by mutual agreement} 1/2-1/2

[Event "Team 45 45 League T28"]
[Site "Internet Chess Club"]
[Date "2005.10.04"]
[Round "3"]
[White "fledermaus"]
[Black "Kolibri"]
[Result "0-1"]
[WhiteElo "2036"]
[BlackElo "2069"]
[TimeControl "2700+45"]

1. d4 Nf6 2. c4 e6 3. Nc3 Bb4 4. Qc2 d5 5. cxd5 exd5 6. Bg5 c6 7. e3 h6 8. Bxf6
Qxf6 9. a3 Bxc3+ 10. Qxc3 Qg6 11. Nf3 O-O 12. Ne5 Qg5 13. Nf3 Qe7 14. Bd3 Nd7
15. b4 Nf6 16. O-O Ne4 17. Qc2 Bd7 18. Ne5 Nd6 19. a4 a5 20. Qc5 axb4 21. Rfb1
Rfe8 22. Qxb4 Rec8 23. Be2 g6 24. Nd3 Bf5 25. Rc1 Bxd3 26. Bxd3 Qd7 27. a5 Kg7
28. Qb6 Qc7 29. Rcb1 Qxb6 30. Rxb6 Rc7 31. a6 bxa6 32. Raxa6 Rac8 33. f3 f5 34.
Kf2 Kf6 35. Ra2 Ke7 36. Rc2 Kd7 37. h4 g5 38. hxg5 hxg5 39. g3 Rh8 40. Kg2 Ra8
41. Ra6 Rb8 42. Ra1 Rb3 43. Rd2 Rcb7 44. Kf2 Rc3 45. Rb1 Ra7 46. Rbd1 Raa3 47.
Kg2 Ke6 48. Kf2 Kf6 49. Kg2 Nc4 50. Bxc4 dxc4 51. Re1 Rxe3 52. Rxe3 Rxe3 53. Rc2
c3 54. f4 g4 55. Ra2 Rd3 56. Ra6 Rd2+ 57. Kf1 c2 58. Rxc6+ Ke7 {White resigns}
0-1

[Event "Team 45 45 League T28"]
[Site "Internet Chess Club"]
[Date "2005.10.01"]
[Round "3"]
[White "nursey"]
[Black "GhostMate"]
[Result "0-1"]
[WhiteElo "1597"]
[BlackElo "1653"]
[TimeControl "2700+45"]

1. e4 e5 2. Nf3 d6 3. d4 f5 4. dxe5 fxe4 5. Bg5 Be7 6. Bxe7 Qxe7 7. exd6 cxd6 8.
Nd4 Nf6 9. Bb5+ Bd7 10. Nf5 Qe5 11. Nxd6+ Ke7 12. Bxd7 Nbxd7 13. Nc4 Qb5 14.
Qd6+ Kf7 15. Nba3 Qg5 16. O-O Rad8 17. Qc7 Nd5 18. Qxb7 Nf4 19. Qxe4 Nf6 20.
Qb7+ Rd7 21. Qc6 Rd5 22. Qc7+ Rd7 23. Nd6+ Kg6 24. Qc6 Rxd6 {White resigns} 0-1

[Event "Team 45 45 League T28"]
[Site "Internet Chess Club"]
[Date "2005.10.01"]
[Round "3"]
[White "PhD"]
[Black "mickeys"]
[Result "0-1"]
[WhiteElo "1629"]
[BlackElo "1672"]
[TimeControl "2700+45"]

1. e4 c5 2. Nf3 Nc6 3. Bb5 g6 4. Bxc6 bxc6 5. O-O Bg7 6. d4 cxd4 7. Nxd4 Nf6 8.
Nc3 O-O 9. e5 Ne8 10. f4 Qb6 11. Be3 {White resigns} 0-1

[Event "Team 45 45 League T28"]
[Site "Internet Chess Club"]
[Date "2005.10.02"]
[Round "3"]
[White "batttoman"]
[Black "chicopee-ed"]
[Result "1/2-1/2"]
[WhiteElo "1499"]
[BlackElo "1515"]
[TimeControl "2700+45"]

1. c4 e5 2. Nc3 Bb4 3. Nd5 Bc5 4. b4 Bd4 5. Rb1 c6 6. e3 cxd5 7. exd4 exd4 8.
cxd5 d6 9. Qe2+ Ne7 10. Nf3 O-O 11. Qc4 Re8 12. Be2 b6 13. Nxd4 Bb7 14. O-O Bxd5
15. Qc2 Nbc6 16. Bb2 Rc8 17. Qa4 Nxd4 18. Bxd4 Rc7 19. Bb5 Bc6 20. Rfe1 Qa8 21.
Rbc1 Bxb5 22. Qxb5 Rxc1 23. Rxc1 Rc8 24. Rxc8+ Qxc8 25. Bc3 Ng6 26. g3 Ne7 27.
Qg5 Ng6 28. h4 h6 29. Qd5 Qg4 30. Qd4 Qxd4 31. Bxd4 d5 32. f4 Ne7 33. Kf2 Nc6
34. Bc3 b5 35. Ke3 f5 36. a3 h5 37. Bd4 a6 38. Bc5 g6 39. Kd3 Kf7 40. Kc3 Ke6
41. d3 Kd7 42. Kb3 d4 43. Bb6 Ke6 44. a4 Kd5 45. axb5 axb5 46. Bc5 Nb8 47. Bf8
Nd7 48. Be7 Nb8 49. Bf8 Nd7 50. Be7 Nb8 51. Bc5 Nd7 52. Be7 Nb8 53. Bf8 Nd7 54.
Be7 Nb8 55. Bc5 Nd7 56. Be7 Nb8 57. Bc5 Nd7 58. Be7 Nb8 {Game drawn by
repetition} 1/2-1/2

[Event "Team 45 45 League T28"]
[Site "Internet Chess Club"]
[Date "2005.09.30"]
[Round "3"]
[White "Pawndemonium"]
[Black "mike0897"]
[Result "0-1"]
[WhiteElo "1539"]
[BlackElo "1711"]
[TimeControl "2700+45"]

1. d4 Nf6 2. c4 g6 3. Nc3 Bg7 4. Nf3 d6 5. e4 O-O 6. Be2 c5 7. O-O Na6 8. Be3
Bd7 9. Qd2 Ng4 10. a3 Nxe3 11. fxe3 Nc7 12. Rf2 e6 13. Raf1 a5 14. e5 dxe5 15.
Nxe5 Bxe5 16. dxe5 Bc6 17. Qc1 Qg5 18. e4 Qxe5 19. Qh6 Bxe4 20. Rf4 Bf5 21. Rh4
Qg7 22. Qf4 g5 23. Qxc7 gxh4 24. Rf3 Kh8 25. Qxc5 Rg8 26. g3 hxg3 27. Rxg3 Qh6
28. Qe5+ f6 29. Qc7 Rxg3+ 30. hxg3 Rg8 31. Nb5 Rxg3+ 32. Qxg3 b6 33. Nd6 Bg6 34.
b4 axb4 35. axb4 Qd2 36. Kf2 Qxb4 37. Bd3 Qd2+ 38. Kg1 Qxd3 39. Qf4 Qb1+ 40. Kg2
Qb2+ 41. Kf3 Qc3+ 42. Kg2 Kg7 43. Nc8 e5 44. Qg4 f5 45. Qh4 Qa3 46. Nxb6 f4 47.
Nd7 Be4+ 48. Kf2 Qf3+ 49. Ke1 Qc3+ 50. Kf2 Qd2+ 51. Kf1 Qxd7 52. Qg5+ Kf7 53.
Qh5+ Kf6 54. Qh6+ Bg6 55. Qf8+ Kg5 56. c5 e4 57. Qa8 e3 58. Qg2+ Kh4 59. Qh2+
Qh3+ {White resigns} 0-1